 Dungeon Crawl Stone Soup version 0.17.1-1-g73c8601 (webtiles) character file.

79 Peloso the Skirmisher (level 3, 0/31 HPs)
             Began as a Demigod Fighter on Jan 2, 2016.
             Slain by a kobold
             ... wielding a +0 war axe
              (5 damage)
             ... on level 2 of the Dungeon.
             The game lasted 00:04:33 (1911 turns).

Peloso the Skirmisher (Demigod Fighter)             Turns: 1911, Time: 00:04:33

Health: 0/31       AC:  6    Str: 21    XL:     3   Next: 97%
Magic:  5/5        EV:  8    Int: 12    God:
Gold:   60         SH:  9    Dex: 15    Spells: 0 memorised, 2 levels left

rFire  . . .     SeeInvis .     a - +0 long sword
rCold  . . .     Clarity  .     b - +0 scale mail
rNeg   . . .     SustAt   +     c - +0 shield
rPois  .         Gourm    .     (no helmet)
rElec  .         Spirit   .     (no cloak)
rCorr  .         Warding  .     (no gloves)
rMut   .         Stasis   .     (no boots)
MR     .....                    (no amulet)
Stlth  ..........               (no ring)
                                (no ring)

@: not resistant to hostile enchantments, extremely unstealthy
A: high mp 1, sustain attributes
a: no special abilities


You were on level 2 of the Dungeon.
You were hungry.

You visited 1 branch of the dungeon, and saw 2 of its levels.

You collected 60 gold pieces.

Inventory:

Hand Weapons
 a - a +0 long sword (weapon)
Armour
 b - a +0 scale mail (worn)
 c - a +0 shield (worn)
Scrolls
 f - a scroll of teleportation {unknown}
 g - 2 scrolls of enchant armour {unknown}
 h - a scroll of fear {unknown}
 i - a scroll of fog {unknown}
 m - a scroll of amnesia {unknown}
 o - 2 scrolls of noise {unknown}
 r - 2 scrolls of remove curse {unknown}
Potions
 d - a potion of might
 k - a potion of degeneration {unknown}
 l - a potion of brilliance {unknown}
 p - a potion of heal wounds {unknown}
 q - 2 potions of curing {unknown}
 s - a potion of agility {unknown}
 t - a potion of flight {unknown}
Comestibles
 e - 3 bread rations
 j - 3 meat rations
 n - 3 fruits


   Skills:
 + Level 3.3 Fighting
 + Level 2.1 Long Blades
 + Level 3.0 Armour
 + Level 1.2 Dodging
 + Level 0.2 Stealth
 + Level 3.2 Shields


You had 2 spell levels left.
You didn't know any spells.

Dungeon Overview and Level Annotations

Branches:
Dungeon (2/15)


Innate Abilities, Weirdness & Mutations

You have an increased reservoir of magic (+10% MP).
Your attributes are resistant to harm.


Message History

You hit the kobold but do no damage.
The kobold hits you with an uncursed war axe.
You hit the kobold but do no damage. You block the kobold's attack.
You hit the kobold but do no damage. The kobold hits you but does no damage.
You hit the kobold but do no damage.
You are feeling hungry.
You block the kobold's attack.
You hit the kobold but do no damage.
The kobold hits you with an uncursed war axe.
You barely miss the kobold. You block the kobold's attack.
The kobold hits you with an uncursed war axe!
You closely miss the kobold.
The kobold hits you with an uncursed war axe!
* * * LOW HITPOINT WARNING * * *
You completely miss the kobold. You block the kobold's attack.
You barely miss the kobold. The kobold misses you.
You hit the kobold but do no damage. You block the kobold's attack.
You hit the kobold but do no damage.
The kobold hits you with an uncursed war axe.
You die...

#....#.# #)##.#
###.### #....#.#
#.##.#####.#####
#......#
#...............
###.####
##########.....(
######.#### .
#.#.##.
...........# .#
#.#..#.
....#.####.###.####
#.##... #. #.
#.#K.....# #.####.
....##.#@# #......
........(.# #......
..#......###
####### ...###.####
#. #


You could see a kobold.

Vanquished Creatures
  4 adders (D:2)
  An ooze (D:1)
  2 worms (D:2)
  A ball python (D:1)
  4 bats (D:1)
  2 giant cockroaches (D:1)
  6 goblins
  5 hobgoblins
  A giant newt (D:1)
  5 kobolds (D:1)
  3 rats (D:1)
34 creatures vanquished.

Vanquished Creatures (others)
  A kraken (D:1)
  A ghoul (D:1)
  A gargoyle (D:1)
  A spriggan (D:1)
  A human (D:1)
  A dwarf (D:1)
  An ogre (D:1)
  5 tentacles (D:1)
  6 tentacle segments (D:1)
18 creatures vanquished.

Grand Total: 52 creatures vanquished

Notes
Turn   | Place    | Note
--------------------------------------------------------------
     0 | D:1      | Peloso the Demigod Fighter began the quest for the Orb.
     0 | D:1      | Reached XP level 1. HP: 18/18 MP: 3/3
     0 | D:1      | Noticed an ogre
     0 | D:1      | Noticed a human
     0 | D:1      | Noticed a spriggan
     0 | D:1      | Noticed a gargoyle
     0 | D:1      | Noticed a kraken
     0 | D:1      | Noticed a ghoul
     0 | D:1      | Noticed a troll
     0 | D:1      | Noticed a troll
     0 | D:1      | Noticed a naga
     0 | D:1      | Noticed a human
     0 | D:1      | Noticed a dwarf
     3 | D:1      | Killed a dwarf
     7 | D:1      | Killed a gargoyle
     7 | D:1      | Killed a human
     8 | D:1      | Killed a spriggan
    10 | D:1      | Killed a ghoul
    10 | D:1      | Killed an ogre
    11 | D:1      | Killed a kraken
   110 | D:1      | Reached XP level 2. HP: 20/25 MP: 4/4
   193 | D:1      | Reached skill level 3 in Shields
  1041 | D:2      | Reached skill level 1 in Dodging
  1041 | D:2      | Reached XP level 3. HP: 5/31 MP: 5/5
  1056 | D:2      | HP: 1/31 [poisoned by an adder]
  1397 | D:2      | Found a radiant altar of Vehumet.
  1793 | D:2      | Found an iron altar of Okawaru.
  1797 | D:2      | Found a snail-covered altar of Cheibriados.
  1813 | D:2      | Found a glowing golden altar of the Shining One.
  1911 | D:2      | Slain by a kobold

Action                   || total
-------------------------++-------
Melee: Long sword        ||   137
  Eat: Chunk             ||     2
       Fruit             ||     1
